 Dungeon Crawl Stone Soup version 0.31-a0-1002-g8e65716e6e (webtiles) character file.

Game seed: 11345121453080256668

131 kae the Vexing (level 4, -17/32 HPs)
             Began as a Demonspawn Enchanter on Nov 9, 2023.
             Demolished by Edmund
             ... wielding a +5 heavy flail
              (21 damage)
             ... on level 4 of the Dungeon.
             The game lasted 00:01:36 (2390 turns).

kae the Vexing (Demonspawn Enchanter)               Turns: 2390, Time: 00:01:37

Health: -17/32     AC:  3    Str: 14    XL:     4   Next: 91%
Magic:  2/7        EV: 12    Int: 24    God:
Gold:   191        SH:  4    Dex: 14    Spells: 2/7 levels left

rFire   . . .        e - +1 dagger (drain)
rCold   . . .        (no shield)
rNeg    . . .        b - +0 robe
rPois   .            (no helmet)
rElec   .            (no cloak)
rCorr   .            (no gloves)
SInv    .            t - +0 pair of boots
Will    .....        (no amulet)
Stlth   ++           I - +6 ring of intelligence
HPRegen 0.25/turn    S - +6 ring of strength
MPRegen 0.10/turn

%: no passive effects
@: invisible
A: condensation shield
a: no special abilities


You were on level 4 of the Dungeon.
You visited 1 branch of the dungeon, and saw 4 of its levels.

You collected 191 gold pieces.


Innate Abilities, Weirdness & Mutations

A meltable shield of frost defends you. (SH +4)


   Skills:
 + Level 1.4 Fighting
 * Level 2.1 Short Blades
 - Level 1.7 Dodging
 + Level 3.0 Stealth
 + Level 2.4 Spellcasting
 * Level 3.9 Hexes
 * Level 1.2 Ice Magic


You had 2 spell levels left.
You knew the following spells:

 Your Spells              Type           Power      Damage    Failure   Level
a - Ensorcelled Hibernat  Hex/Ice        30%        N/A       6%          2
b - Confusing Touch       Hex            21%        N/A       7%          3

Your spell library contained the following spells:

 Spells                   Type           Power      Damage    Failure   Level
 Tukima's Dance           Hex            21%        N/A       7%          3
 Dazzling Flash           Conj/Hex       24%        N/A       16%         3
 Frozen Ramparts          Ice            18%        1d3       21%         3
 Metabolic Englaciation   Hex/Ice        7%         N/A       73%         5
 Petrify                  Tmut/Erth      2%         N/A       75%         4

Inventory:

Hand Weapons
 a - a +1 dagger
 e - a +1 dagger of draining (weapon)
   (You took it off a goblin on level 1 of the Dungeon)
Missiles
 d - 36 stones
 q - 6 poisoned darts
Armour
 b - a +0 robe (worn)
 t - a +0 pair of boots (worn)
   (You found it on level 3 of the Dungeon)
Jewellery
 I - a +6 ring of intelligence (left hand)
   (You found it on level 1 of the Dungeon)
 S - a +6 ring of strength (right hand)
   (You found it on level 3 of the Dungeon)
Scrolls
 h - 2 scrolls of vulnerability {unknown}
 i - 3 scrolls of identify {unknown}
 j - a scroll of fear {unknown}
 k - 2 scrolls of teleportation {unknown}
 l - a scroll of blinking {unknown}
 o - 2 scrolls of poison {unknown}
 s - a scroll of enchant armour {unknown}
Potions
 c - 2 potions of invisibility
 f - 2 potions of heal wounds {unknown}
 g - 2 potions of curing {unknown}
 m - 2 potions of lignification {unknown}
 n - 2 potions of haste {unknown}
 p - a potion of attraction {unknown}
 r - a potion of cancellation {unknown}

Dungeon Overview and Level Annotations

Branches:
Dungeon (4/15) Zot: 21619
 Temple: D:4-7

Altars:

Annotations:
D:4 Edmund

#. #.#..###.... (..
##....#...#..
...####..#.......#
..@.....#..###.#
.......##.....#
##....##..#..#
####.....#...# ....
#..........g## ...
......####.@@# ..
#(... #..#..## #...
#...###.....##.....
#...#...##..........
.....................
. ...##..............
##...##..........
#....###............
##....##............


You could see Edmund (unable to see you, very drained) and a hobgoblin (unable
to see you).


Message History

You continue putting on your +0 pair of boots. x4
You finish putting on your +0 pair of boots.
There is a stone staircase leading down here.
You climb downwards.
Found a leather armour and 11 gold pieces.
Found a stone staircase leading down.
There is a stone staircase leading up here.
Okay, then.
Okay, then.
A sleepcap comes into view.
Found two stone staircases leading up.
A sleepcap is nearby!
A sleepcap is nearby!
You hit the sleepcap. You hit the sleepcap but do no damage.
You drain the sleepcap. The sleepcap closely misses you.
You hit the sleepcap but do no damage.
The sleepcap releases spores at you but does no damage.
You hit the sleepcap but do no damage. You drain the sleepcap.
The sleepcap misses you.
You hit the sleepcap. You drain the sleepcap.
The sleepcap releases spores at you but does no damage.
You hit the sleepcap but do no damage. You drain the sleepcap.
The sleepcap releases spores at you.
You hit the sleepcap but do no damage. You drain the sleepcap.
The sleepcap closely misses you. 😕 HP[-1]
You take 1 damage, and now have 31/32 hp.
You hit the sleepcap but do no damage. You drain the sleepcap.
The sleepcap barely misses you.
You hit the sleepcap but do no damage. You drain the sleepcap.
You destroy the sleepcap!
No target in view!
No target in view!
You now have 191 gold pieces (gained 11).
n - 2 inky potions (gained 1)
Found a stone staircase leading down. 😎 HP[+1]
Your hp is fully restored (32).
Edmund the Younger comes into view.
He is wielding a +5 heavy flail.
Edmund shouts!
You hear a shout!
This spell is quite dangerous to cast!
You start memorising the spell.
You continue memorising. x3
You finish memorising.
Spell assigned to 'b'.
Casting: Ensorcelled Hibernation (safe; 6% risk of failure)
Confirm with . or Enter, or press ? or * to list all spells.
Aiming: Ensorcelled Hibernation (safe; 6% risk of failure)
Press: ? - help, Shift-Dir - straight line, f - Edmund
Aim: Edmund, wielding a +5 heavy flail and wearing a +0 chain mail (chance to affect: 49%) Edmund resists with some effort. 😎 MP[-2]
You lost 2 mp, and now have 5/7 mp.
Casting: Ensorcelled Hibernation (safe; 6% risk of failure)
Confirm with . or Enter, or press ? or * to list all spells.
Aiming: Ensorcelled Hibernation (safe; 6% risk of failure)
Press: ? - help, Shift-Dir - straight line, f/p - Edmund
Aim: Edmund, wielding a +5 heavy flail and wearing a +0 chain mail (chance to affect: 49%) Edmund resists with some effort.
Edmund barely misses you. 😎 MP[-2]
You lost 2 mp, and now have 3/7 mp.
Casting: Ensorcelled Hibernation (safe; 6% risk of failure)
Confirm with . or Enter, or press ? or * to list all spells.
Aiming: Ensorcelled Hibernation (safe; 6% risk of failure)
Press: ? - help, Shift-Dir - straight line, f/p - Edmund
Aim: Edmund, wielding a +5 heavy flail and wearing a +0 chain mail (chance to affect: 49%) Edmund looks drowsy... 😎 MP[-2]
You lost 2 mp, and now have 1/7 mp.
The helpless Edmund fails to defend himself.
You puncture Edmund! Edmund hits you with a +5 heavy flail!!
Ouch! That really hurt!
* * * LOW HITPOINT WARNING * * *
😨 HP[-19]
You take 19 damage, and now have 13/32 hp.
MASSIVE DAMAGE!! (PAUSE)
You hit Edmund but do no damage.
Unknown command.
You closely miss Edmund. Edmund hits you with a +5 heavy flail!
* * * LOW HITPOINT WARNING * * *
😱 HP[-11]
You take 11 damage, and now have 2/32 hp.
MASSIVE DAMAGE!! (PAUSE)
Okay, then.
You fade into invisibility!
Edmund misses you.
Okay, then.
You strike the helpless Edmund from behind!
You puncture Edmund! 😱 HP[+1]
You hit Edmund but do no damage. Edmund closely misses you.
Unknown command.
You hit Edmund but do no damage. You drain Edmund. 😱 MP[+1]
You barely miss Edmund. Edmund barely misses you.
Unknown command.
You hit Edmund. You drain Edmund. You block the hobgoblin's attack.
Edmund hits you with a +5 heavy flail!!
Ouch! That really hurt!
You die...
Edmund whines, "They better pay attention to me now!"

Skill      XL: |  1  2  3  4 |
---------------+-------------+-----
Short Blades   | 1 2 |  2.1
Fighting       | 1 |  1.4
Stealth        | 3 |  3.0
Ice Magic      | 1 |  1.2
Dodging        | |  1.7
Spellcasting   | |  2.4
Hexes          | |  3.9

Action                     |  1- 3 |  4- 6 || total
---------------------------+-------+-------++-------
  Melee: Dagger            |   102 |    37 ||   139
   Cast: Ensorcelled Hiber |    10 |     3 ||    13
    Use: Potion            |       |     1 ||     1
   Stab: Sleeping          |    13 |     2 ||    15
         Invisible         |       |     1 ||     1
 Armour: Robe              |    43 |    11 ||    54
  Dodge: Dodged            |    50 |    16 ||    66
  Block: Other             |    12 |     2 ||    14

Levels and vault maps discovered:
D:1:      dpeg_arrival_orchard, layout_basic, serial_curves, eino_curves_03,
          eino_curves_02, kennysheep_pointless_box, minmay_misc_feat_cross
D:2:      layout_basic, dreamdust_ecumenical_altar_hidden_monk_grotto
D:3:      layout_loops_cross, kennysheep_generic_room_9
D:4:      layout_cave_pools, kennysheep_mini_moat, vehumet_altar_wand_db,
          minitemple, st_stairs_3, uniq_edmund

Notes
Turn   | Place    | Note
-------+----------+-------------------------------------------
     0 | D:1      | kae the Demonspawn Enchanter began the quest for the Orb.
     0 | D:1      | Reached XP level 1. HP: 13/13 MP: 3/3
     0 | D:1      | magus.rc [v1.11.3]
    55 | D:1      | Reached skill level 1 in Short Blades
   162 | D:1      | Gained mutation: A meltable shield of frost defends you.
                  | (SH +4) [demonic ancestry]
   162 | D:1      | Reached XP level 2. HP: 12/20 MP: 5/5
   785 | D:1      | Learned a level 2 spell: Ensorcelled Hibernation
   838 | D:2      | Reached XP level 3. HP: 15/25 MP: 6/6
   874 | D:2      | You pick up a book of Sloth and begin reading...
   874 | D:2      | You add the spells Frozen Ramparts, Petrify and Metabolic
                  | Englaciation to your library.
  1071 | D:2      | Reached skill level 1 in Fighting
  1493 | D:2      | Found a faded altar of an unknown god.
  1868 | D:3      | Reached skill level 3 in Stealth
  1868 | D:3      | Reached skill level 1 in Ice Magic
  1868 | D:3      | Reached XP level 4. HP: 18/32 MP: 0/7
  2057 | D:3      | Reached skill level 2 in Short Blades
  2223 | D:3      | Identified the +4 mace of the Shore {heavy, Drain +Blink
                  | rPois Will++}
  2369 | D:4      | Noticed Edmund
  2377 | D:4      | Learned a level 3 spell: Confusing Touch
  2384 | D:4      | HP: 2/32 [Edmund/+5 heavy flail (11)]
  2390 | D:4      | Demolished by Edmund

Vanquished Creatures
  An orc priest (D:3)
  A sleepcap (D:4)
  An adder (D:2)
  A worm (D:3)
  2 dart slugs
  5 orcs
  4 bats
  3 endoplasms
  A giant cockroach (D:3)
  5 goblins
  7 hobgoblins
  6 jackals
  3 kobolds (D:2)
  3 ball pythons
  4 frilled lizards
  7 rats
54 creatures vanquished.

Table legend:
 A = Non-vault XP
 B = Vault XP
 C = Vault XP percentage of total XP
 D = Non-vault monster count
 E = Vault monster count
 F = Vault count percentage of total count
                 A         B        C        D         E       F
            +---------+---------+-------+---------+---------+-------
      Total |     185 |       3 |   1.6 |      52 |       2 |   3.7
            +---------+---------+-------+---------+---------+-------
        D:1 |      27 |       0 |   0.0 |      17 |       0 |   0.0
        D:2 |      40 |       0 |   0.0 |      16 |       0 |   0.0
        D:3 |      80 |       3 |   3.6 |      18 |       2 |  10.0
        D:4 |      38 |       0 |   0.0 |       1 |       0 |   0.0
            +---------+---------+-------+---------+---------+-------

Skill      XL: |  1  2  3  4 |
---------------+-------------+-----
Short Blades   | 1 2 |  2.1
Fighting       | 1 |  1.4
Stealth        | 3 |  3.0
Ice Magic      | 1 |  1.2
Dodging        | |  1.7
Spellcasting   | |  2.4
Hexes          | |  3.9

Action                     |  1- 3 |  4- 6 || total
---------------------------+-------+-------++-------
  Melee: Dagger            |   102 |    37 ||   139
   Cast: Ensorcelled Hiber |    10 |     3 ||    13
    Use: Potion            |       |     1 ||     1
   Stab: Sleeping          |    13 |     2 ||    15
         Invisible         |       |     1 ||     1
 Armour: Robe              |    43 |    11 ||    54
  Dodge: Dodged            |    50 |    16 ||    66
  Block: Other             |    12 |     2 ||    14

Illustrated notes

Table legend:
 A = Kills in this place as a percentage of kills in the entire game.
 B = Kills by you in this place as a percentage of kills by you in the entire game.
 C = Kills by friends in this place as a percentage of kills by friends in the entire game.
 D = Other kills in this place as a percentage of other kills in the entire game.
 E = Experience gained in this place as a percentage of experience gained in the entire game.
 F = Experience gained in this place divided by the number of levels of this place that you have seen.
                   A       B       C       D       E      F
               +-------+-------+-------+-------+-------+----------------------
         Total | 100.0 | 100.0 |   N/A |   N/A | 100.0 |  47.0
       Dungeon | 100.0 | 100.0 |   N/A |   N/A | 100.0 |  47.0
               +-------+-------+-------+-------+-------+----------------------

Table legend: (Time is in decaauts)
 A = Elapsed time spent in this place.
 B = Non-inter-level travel time spent in this place.
 C = Inter-level travel time spent in this place.
 D = Time resting spent in this place.
 E = Time spent auto-exploring this place.
 F = Levels seen in this place.
 G = Mean time per level.
                   A        B        C        D        E       F      G
               +--------+--------+--------+--------+--------+-----+--------+
         Total |   2379 |   2275 |    104 |     39 |   1867 |   4 |  594.8 |
       Dungeon |   2379 |   2275 |    104 |     39 |   1867 |   4 |  594.8 |
               +--------+--------+--------+--------+--------+-----+--------+

Top non-repeatable levels by time:
     D:1: 799 daAuts
     D:3: 786 daAuts
     D:2: 731 daAuts
     D:4: 62 daAuts
